Map: Acropolis LE

Players

Djorn - Winner!

  • Race: Protoss Protoss
  • League: Bronze
  • Spawn Location: 11:00

A.I. 1 (Hard)

  • Race: Terran Terran
  • Spawn Location: 5:00

VOD

Have the link to the VOD?

Description

Time

  • Played on: Aug. 25, 2019, 11:32 p.m.
  • Length: 14:12
Show
View Real Time Build Order
Export as new Build Order

Djorn Protoss - Winner!

Build Orders: Chargelot Immortal 

Get SALT Encoding   

  12  0:02  Probe  
  13  0:15  Probe  
  14  0:22  Pylon  
  14  0:34  Assimilator  
  14  0:41  Probe  
  14  0:46  Gateway  
  14  0:49  Probe  
  16  1:00  Gateway  
  16  1:03  Probe  
  17  1:17  Probe  
  18  1:29  Probe  
  19  1:35  Cybernetics Core  
  19  1:41  Probe  
  19  1:45  Pylon  
  20  2:16  Warp Gate  
  20  2:25  Assimilator  
  20  2:28  Probe  
  21  2:34  Adept  
  21  2:36  Adept  
  25  2:40  Probe  
  26  2:52  Probe  
  27  3:01  Robotics Facility  
  27  3:04  Pylon  
  27  3:11  Gateway  
  27  3:30  Pylon  
  27  3:31  Probe  
  28  3:42  Twilight Council  
  28  3:50  Observer  
  29  4:04  Nexus  
  29  4:06  Immortal  
  33  4:43  Charge  
  35  4:45  Immortal  
  34  5:13  Shield Battery  
  34  5:20  Pylon  
  34  5:34  Pylon x2  
  34  5:40  Nexus  
  34  5:53  Immortal  
  34  5:54  Observer  
  38  6:27  Probe  
  43  6:33  Immortal  
  43  6:34  Assimilator  
  43  6:37  Assimilator  
  43  6:39  Probe  
  44  6:40  Zealot  
  44  6:41  Zealot x2  
  50  6:47  Gateway  
  50  6:50  Gateway  
  50  6:51  Probe  
  51  6:57  Probe  
  51  6:58  Pylon  
  52  7:03  Probe  
  52  7:05  Probe  
  52  7:07  Probe  
  54  7:14  Probe  
  55  7:15  Resonating Glaives  
  55  7:19  Probe  
  57  7:26  Probe  
  57  7:29  Immortal  
  62  7:31  Probe  
  63  7:39  Probe  
  64  7:49  Pylon  
  64  7:52  Probe  
  65  8:00  Probe  
  66  8:08  Observer  
  66  8:09  Probe  
  67  8:14  Zealot x5  
  63  8:30  Observer  
  64  8:41  Adept x5  
  74  8:52  Templar Archives  
  74  8:58  Stargate  
  74  9:04  Stalker x3  
  74  9:05  Stalker x2  
  74  9:48  High Templar x2  
  74  9:49  High Templar  
  64  11:33  Warp Prism, High Templar  
  64  11:36  Archon  
  64  11:38  Archon  
  66  12:57  Stalker x4  
  74  13:32  Zealot  
  74  13:33  Zealot x4  
Show
View Real Time Build Order
Export as new Build Order

A.I. 1 (Hard) Terran 

Build Orders:  

Get SALT Encoding   

  12  0:00  SCV  
  13  0:13  SCV  
  14  0:17  Supply Depot  
  14  0:25  SCV  
  15  0:39  SCV  
  16  0:43  Barracks  
  16  0:49  Refinery  
  16  0:51  SCV  
  17  1:03  SCV  
  18  1:15  SCV  
  19  1:20  Supply Depot  
  19  1:30  Marine  
  19  1:31  SCV  
  21  1:48  Marine  
  21  1:52  Factory, Orbital Command  
  22  1:57  Supply Depot  
  22  2:06  Marine  
  23  2:19  SCV  
  24  2:24  Marine  
  24  2:27  Refinery  
  25  2:31  SCV  
  25  2:36  Supply Depot, Hellion  
  28  2:43  Barracks Tech Lab, SCV  
  29  2:49  Engineering Bay  
  29  2:55  SCV  
  29  2:57  Hellion  
  32  3:01  Marine  
  33  3:07  SCV  
  34  3:19  SCV, Marine  
  36  3:36  Marine  
  37  3:59  Marauder, Stimpack  
  37  4:00  Barracks  
  39  4:03  Factory, Factory Tech Lab  
  39  4:04  Terran Infantry Weapons Level 1  
  39  4:06  Supply Depot  
  39  4:20  Marauder  
  41  4:38  Missile Turret  
  41  4:41  Marine  
  41  4:43  Supply Depot  
  42  4:46  Factory Tech Lab  
  42  4:49  Missile Turret  
  42  4:50  Barracks Tech Lab  
  39  5:00  Marauder  
  39  5:08  Bunker, Concussive Shells, Marine  
  40  5:21  Marauder  
  42  5:26  Marauder  
  44  5:37  Starport  
  44  5:39  Combat Shield  
  44  5:41  Barracks  
  44  5:42  Marauder  
  46  5:47  Command Center  
  46  5:48  Marauder  
  48  5:58  Terran Infantry Armor Level 1  
  48  6:03  Marine  
  49  6:08  Marine  
  50  6:13  Starport Tech Lab  
  50  6:34  Raven  
  52  6:58  Sensor Tower  
  52  7:00  SCV  
  53  7:01  SCV  
  54  7:12  SCV  
  54  7:13  SCV  
  56  7:17  Raven  
  58  7:24  Refinery, SCV  
  58  7:25  Missile Turret  
  58  7:26  SCV  
  58  7:27  Missile Turret  
  58  7:28  Barracks Reactor, Armory  
  60  7:30  Refinery  
  60  7:36  SCV  
  61  7:38  SCV  
  61  7:43  Marine  
  63  7:46  Marine  
  63  7:47  Starport  
  63  7:48  SCV  
  65  8:01  Marine  
  65  8:04  Medivac, Marine, Reaper  
  70  8:06  Supply Depot  
  70  8:07  Marine  
  71  8:18  Marine  
  71  8:22  Marine  
  71  8:23  Medivac  
  71  8:25  Marine  
  74  8:28  SCV  
  74  8:30  Supply Depot, SCV  
  76  8:34  Medivac  
  76  8:36  Marine x2  
  76  8:40  SCV  
  81  8:47  Reaper  
  82  8:51  SCV  
  82  8:52  Supply Depot  
  82  8:53  SCV  
  82  8:54  Starport Tech Lab  
  84  9:01  Ghost Academy  
  84  9:03  SCV  
  84  9:04  Raven  
  84  9:05  SCV  
  88  9:13  Marine  
  88  9:15  SCV  
  88  9:16  Marine  
  81  9:20  Marine  
  81  9:22  Command Center  
  81  9:23  Marine  
  69  9:30  Marine  
  70  9:34  Marine  
  70  9:35  Raven  
  75  9:38  Marauder  
  75  9:49  Marauder  
  77  9:54  Terran Infantry Weapons Level 2  
  79  10:00  Marauder  
  79  10:01  Marine  
  79  10:04  Marine  
  78  10:10  Marine  
  78  10:19  Marine  
  77  10:21  Marauder  
  77  10:24  Terran Vehicle Weapons Level 1  
  77  10:27  Marine  
  77  10:28  Marauder  
  78  10:34  SCV  
  75  10:36  Marine  
  75  10:42  Marauder  
  74  10:45  SCV, Marine  
  74  10:49  Marine  
  77  10:50  Command Center  
  77  10:54  Marine  
  74  11:03  Ghost  
  69  11:05  Marine  
  69  11:07  Marine  
  61  11:12  Reaper  
  57  11:23  Siege Tank, Marine  
  53  11:27  Marine  
  46  11:32  Viking  
  46  11:35  Raven  
  46  11:38  Siege Tank  
  48  11:42  Marine  
  42  11:48  Marauder  
  42  11:52  Marine  
  38  11:55  SCV  
  38  11:59  SCV  
  36  12:02  Marine, SCV, Viking  
  36  12:07  Marine, SCV  
  38  12:10  Marine  
  38  12:14  Marine  
  32  12:20  SCV, Marine  
  32  12:25  Marine  
  32  12:28  Marine  
  33  12:32  Marine  
  33  12:36  SCV  
  32  12:37  Marine  
  32  12:42  Marine  
  28  12:50  Marine  
  26  12:54  SCV  
  26  12:55  Marine  
  24  13:00  Marine  
  18  13:34  SCV  
  18  13:40  Marine  
  16  13:49  SCV  
Tags
 
League
Bronze
Matchup
PvT
Replay Pack
sc2replays
Spawn Locations
Cross Positions
Add a new tag
Caveats
  • Supply blocks, unpowered buildings, or Contaminate may cause inaccurate times.
  • Supply counts are checked every 10 seconds.